 Dungeon Sprint DCSS version 0.17-a0-1442-g10bb59b (webtiles) character file.

7216 nuthulu the Warrior (level 11, -5/110 HPs)
             Began as a Formicid Fighter on June 27, 2015.
             Was the Champion of Cheibriados.
             Slain by a siren
             ... wielding a +0 spear
              (14 damage)
             ... in the Dungeon (Sprint V: "Ziggurat Sprint").
             The game lasted 00:05:15 (986 turns).

nuthulu the Warrior (Formicid Fighter)               Turns: 986, Time: 00:05:15

Health: -5/110     AC: 26    Str: 53    XL:     11   Next: 33%
Magic:  11/11      EV:  2    Int: 24    God:    Cheibriados [******]
Gold:   0          SH: 32    Dex: 25    Spells: 0 memorised, 10 levels left

rFire  . . .     SeeInvis +     o - +14 obsidian axe {chop, +Fly Str+3 SInv *Curse} (curse)
rCold  . . .     Clarity  .     J - +15 Maxwell's patent armour {-Cast -Tele rElec MR+ rCorr}
rNeg   + . .     SustAt   .     K - +18 shield of the gong {rElec rN+ MR+ EV-5}
rPois  .         Gourm    .     (helmet unavailable)
rElec  +         Spirit   .     (no cloak)
rCorr  +         Warding  .     (no gloves)
rMut   .         Stasis   +     (no boots)
MR     +++..     NoCast   +     (no amulet)
Stlth  ..........               I - +6 ring of strength
                                H - +6 ring of strength

@: mesmerised, studying Evocations, very slow, extremely resistant to hostile
enchantments, extremely unstealthy
A: permanent stasis, dig shafts and tunnels, four strong arms, antennae 3
a: Dig, Bend Time, Temporal Distortion, Slouch, Step From Time, Renounce
Religion, Evoke Flight


You were in the Dungeon.
You worshipped Cheibriados.
Cheibriados was exalted by your worship.
You were not hungry.

You visited 1 branch

Inventory:

Hand weapons
 a - a +0 war axe
 o - the cursed +14 obsidian axe (weapon) {chop, +Fly Str+3 SInv *Curse}
   (You found it in the Dungeon)

   It inflicts extra damage upon your enemies.
   It affects your strength (+3).
   It lets you see invisible.
   It lets you fly.
   It may re-curse itself when equipped.
   It has a curse placed upon it.
 N - a +0 spear
Armour
 J - the +15 Maxwell's patent armour (worn) {-Cast -Tele rElec MR+ rCorr}
   (You found it in the Dungeon)

   It insulates you from electricity.
   It affects your resistance to hostile enchantments.
   It prevents spellcasting.
   It prevents most forms of teleportation.
   It protects you from acid and corrosion.
 K - the +18 shield of the gong (worn) {rElec rN+ MR+ EV-5}
   (You found it in the Dungeon)

   It affects your evasion (-5).
   It insulates you from electricity.
   It protects you from negative energy.
   It affects your resistance to hostile enchantments.
Jewellery
 c - a +4 ring of dexterity
 D - a +6 ring of dexterity
 E - a +6 ring of dexterity
 F - a +6 ring of intelligence
 G - a +6 ring of intelligence
 H - a +6 ring of strength (left hand)
 I - a +6 ring of strength (right hand)
 L - a +3 ring of strength
 M - a +1 ring of protection
Magical devices
 y - a wand of disintegration (7)
 A - a wand of fire (5)
 B - a wand of cold (5)
 C - a wand of draining (5)
Scrolls
 k - 4 scrolls of blinking
 q - 4 scrolls of amnesia
 r - 3 scrolls of recharging
 s - 8 scrolls of fog
 t - a scroll of holy word
 u - 5 scrolls of identify
 v - 5 scrolls of remove curse
 w - 2 scrolls of fear
Potions
 d - 6 potions of might
 f - 10 potions of curing
 g - 10 potions of heal wounds
 h - 6 potions of haste
 i - 7 potions of magic
 j - 3 potions of berserk rage
 l - 2 potions of brilliance
 m - 2 potions of invisibility
 n - 4 potions of resistance
 p - 6 potions of agility
Books
 b - a manual of Evocations
Comestibles
 e - 5 bread rations
 x - 42 fruits
 z - 4 meat rations


   Skills:
 * Level 18.5 Fighting
 - Level 18.1 Axes
 - Level 3.2 Armour
 * Level 4.7 Shields


You had 10 spell levels left.
You didn't know any spells.

Dungeon Overview and Level Annotations

Branches:
Dungeon (1/1)

Altars:
Ashenzari
Cheibriados
Dithmenos
Elyvilon
Fedhas
Gozag
Kikubaaqudgha
Makhleb
Nemelex Xobeh
Okawaru
Qazlal
Ru
Sif Muna
Trog
Vehumet
Xom
Yredelemnul
Zin
The Shining One
Beogh
Jiyva
Lugonu


Innate Abilities, Weirdness & Mutations

You are under a permanent stasis effect.
You can dig through walls and to a lower floor.
Your four strong arms can wield two-handed weapons with a shield.
You have a pair of large antennae on your head (SInv).


Message History

The satyr's allies are stirred to greatness!
You block the alligator snapping turtle's attack.
GONNNNG!
The merfolk hits you with the +8 morningstar of Fortitude {flame, *Corrode Str+3 Dex+6}!
* * * LOW HITPOINT WARNING * * *
The merfolk burns you.
* * * LOW HITPOINT WARNING * * *
You block the manticore's attack.
GONNNNG!
The manticore claws you!
* * * LOW HITPOINT WARNING * * *
You block the manticore's attack.
GONNNNG!
The wind drake bites you but does no damage.
The merfolk aquamancer hits you with an enchanted rapier.
* * * LOW HITPOINT WARNING * * *
The merfolk hits you but does no damage.
The alligator snapping turtle bites you but does no damage.
The siren hits you from afar with a spear!
You die...

▓...8©8...▓
▓≈≈)"[|:.≈▓..:.)4[..▓
▓.≈≈≈)))≈.▓...|34[..▓
▓.≈.......▓.........▓
▓≈....c..≈▓.........▓
▓..≈..≈...▓...))))..▓
▓...mmE.≈.▓{..).....▓
▓....mkt≈≈▓{▓.....▓.▓
▓.≈.≈m@Hm.▓{........▓
▓..≈..≈≈≈≈▓▓▓▓▓▓▓▓▓▓▓
▓▓▓▓▓▓▓▓▓▓▓


{{{{{{{{ {{{ {{{{ {{{{ {{{{{{{{{{{{ {{{{{{{{{{{{{{{{{{ {{{{{{{ You could see an
alligator snapping turtle, a satyr, a merfolk aquamancer, a wind drake (roused),
3 merfolk, a manticore (roused), a water elemental and a siren (roused).

Vanquished Creatures
  3 vault guards (D)
  A flayed ghost (D)
  2 naga magi (D)
  A troll (D)
  3 fire drakes (D)
  4 spriggans (D)
  A redback (D)
  A mottled dragon (shapeshifter) (D)
  A steam dragon (D)
  A wolf (D)
  2 hell hounds (D)
  A naga (D)
  2 ogres (D)
  2 orc warriors (D)
  A phantom (D)
  A wasp (D)
  3 black bears (D)
  A water moccasin (D)
  A necrophage (D)
  A crimson imp (D)
  2 orc priests (D)
  3 orc wizards (D)
  An iron imp (D)
  A worker ant (shapeshifter) (D)
  An adder (D)
  An ufetubus (D)
  4 adder skeletons (D)
  An orc (D)
  2 bat zombies (D)
  A ball python (D)
  A giant cockroach zombie (D)
  A jackal skeleton (D)
52 creatures vanquished.

Vanquished Creatures (collateral kills)
  A deep elf knight (D)
  A vault sentinel (D)
  A wasp (D)
  An orc (D)
4 creatures vanquished.

Grand Total: 56 creatures vanquished

Notes
Turn   | Place    | Note
--------------------------------------------------------------
     0 | D        | nuthulu the Formicid Fighter began the quest for the Orb.
     0 | D        | Reached XP level 1. HP: 18/18 MP: 1/1
     0 | D        | Found a roughly hewn altar of Beogh.
     0 | D        | Found a corrupted altar of Lugonu.
     0 | D        | Found a viscous altar of Jiyva.
     0 | D        | Found a white marble altar of Elyvilon.
     0 | D        | Found a sparkling altar of Nemelex Xobeh.
     0 | D        | Found a burning altar of Makhleb.
     0 | D        | Found an iron altar of Okawaru.
     0 | D        | Found a deep blue altar of Sif Muna.
     0 | D        | Found a radiant altar of Vehumet.
     0 | D        | Found a bloodstained altar of Trog.
     0 | D        | Found a shimmering altar of Xom.
    18 | D        | Reached skill level 7 in Axes
    18 | D        | Reached XP level 2. HP: 24/24 MP: 2/2
    60 | D        | Became a worshipper of Cheibriados the Contemplative
    74 | D        | Entered arena 1.
    74 | D        | Noticed a wolf
    74 | D        | Noticed a mottled dragon
    77 | D        | Noticed a scorpion
    77 | D        | a wolf changed into a scorpion
    78 | D        | Killed a mottled dragon
    78 | D        | Reached skill level 9 in Axes
    78 | D        | Reached XP level 3. HP: 8/36 MP: 3/3
    78 | D        | Reached XP level 4. HP: 9/43 MP: 4/4
    78 | D        | Reached XP level 5. HP: 10/48 MP: 5/5
    78 | D        | Noticed a swamp drake
    78 | D        | a scorpion changed into a swamp drake
    78 | D        | a swamp drake changed into a worker ant
    79 | D        | Acquired Cheibriados's first power
   318 | D        | Entered arena 2.
   318 | D        | Noticed an ogre
   318 | D        | Noticed an ogre
   318 | D        | Noticed a troll
   323 | D        | Killed an ogre
   323 | D        | Reached skill level 10 in Axes
   323 | D        | Reached XP level 6. HP: 54/57 MP: 6/6
   323 | D        | Killed a troll
   323 | D        | Reached skill level 10 in Fighting
   323 | D        | Reached skill level 11 in Axes
   323 | D        | Reached XP level 7. HP: 59/67 MP: 7/7
   323 | D        | Killed an ogre
   323 | D        | Reached skill level 12 in Axes
   336 | D        | Entered arena 3.
   336 | D        | Noticed a steam dragon
   336 | D        | Noticed a fire drake
   336 | D        | Noticed a fire drake
   336 | D        | Noticed a fire drake
   339 | D        | Killed a fire drake
   339 | D        | Reached XP level 8. HP: 52/76 MP: 8/8
   339 | D        | Killed a steam dragon
   339 | D        | Reached skill level 13 in Axes
   340 | D        | Killed a fire drake
   340 | D        | Acquired Cheibriados's second power
   340 | D        | Killed a fire drake
   452 | D        | Entered arena 4.
   452 | D        | Noticed a necrophage
   452 | D        | Noticed a phantom
   453 | D        | Acquired Cheibriados's third power
   455 | D        | Killed a phantom
   455 | D        | Reached skill level 14 in Axes
   455 | D        | Reached XP level 9. HP: 85/85 MP: 9/9
   455 | D        | Killed a necrophage
   464 | D        | Entered arena 5.
   464 | D        | Noticed an iron imp
   464 | D        | Noticed a crimson imp
   466 | D        | Acquired Cheibriados's fourth power
   467 | D        | Killed a crimson imp
   467 | D        | Killed an iron imp
   474 | D        | Entered arena 6.
   474 | D        | Noticed a naga
   474 | D        | Noticed a naga mage
   474 | D        | Noticed a naga mage
   474 | D        | Noticed a water moccasin
   481 | D        | Killed a water moccasin
   483 | D        | Killed a naga mage
   484 | D        | Killed a naga
   487 | D        | Killed a naga mage
   487 | D        | Reached skill level 15 in Fighting
   487 | D        | Reached skill level 15 in Axes
   590 | D        | Entered arena 7.
   590 | D        | Noticed a hell hound
   590 | D        | Noticed a hell hound
   591 | D        | Killed a hell hound
   593 | D        | Killed a hell hound
   600 | D        | Got the ring "Ylausamp" {MR- Str+6 Int+4 Dex+2 SInv}
   607 | D        | Entered arena 8.
   607 | D        | Noticed a vault sentinel
   607 | D        | Noticed a redback
   607 | D        | Noticed a deep elf knight
   607 | D        | Noticed a flayed ghost
   607 | D        | Noticed a vault guard
   607 | D        | Noticed a vault guard
   607 | D        | Noticed a vault guard
   611 | D        | Killed a vault guard
   611 | D        | Reached skill level 16 in Fighting
   611 | D        | Reached XP level 10. HP: 74/98 MP: 10/10
   612 | D        | Killed a redback
   615 | D        | Killed a flayed ghost
   615 | D        | Killed a vault guard
   615 | D        | Reached skill level 17 in Fighting
   616 | D        | Killed a vault sentinel
   617 | D        | Killed a vault guard
   617 | D        | Reached XP level 11. HP: 74/107 MP: 11/11
   618 | D        | Killed a deep elf knight
   775 | D        | Entered arena 9.
   775 | D        | Noticed a spriggan
   775 | D        | Noticed a spriggan
   775 | D        | Noticed a spriggan rider
   775 | D        | Noticed a wolf
   775 | D        | Noticed a black bear
   775 | D        | Noticed a spriggan rider
   775 | D        | Noticed a black bear
   775 | D        | Noticed a black bear
   777 | D        | Killed a black bear
   777 | D        | Killed a wolf
   778 | D        | Killed a spriggan
   778 | D        | Reached skill level 18 in Fighting
   778 | D        | Killed a black bear
   779 | D        | Killed a spriggan
   784 | D        | Killed a wasp
   786 | D        | Killed a black bear
   786 | D        | Killed a spriggan
   787 | D        | Killed a spriggan
   787 | D        | Killed a wasp
   959 | D        | Entered arena 10.
   959 | D        | Noticed an orc priest
   959 | D        | Noticed an orc priest
   959 | D        | Noticed an orc wizard
   959 | D        | Noticed an orc warrior
   959 | D        | Noticed an orc wizard
   959 | D        | Noticed an orc warrior
   959 | D        | Noticed an orc wizard
   963 | D        | Killed an orc wizard
   963 | D        | Killed an orc priest
   964 | D        | Killed an orc warrior
   964 | D        | Killed an orc wizard
   965 | D        | Killed an orc priest
   966 | D        | Killed an orc wizard
   970 | D        | Killed an orc warrior
   982 | D        | Entered arena 11.
   982 | D        | Noticed a merfolk aquamancer
   982 | D        | Noticed a siren
   982 | D        | Noticed an alligator snapping turtle
   982 | D        | Noticed a merfolk
   982 | D        | Noticed a wind drake
   983 | D        | Noticed a merfolk
   983 | D        | Noticed a manticore
   983 | D        | Noticed a merfolk
   983 | D        | Noticed a water elemental
   984 | D        | Noticed a satyr
   986 | D        | Slain by a siren

Vault maps used:
D:        sprint_v

Action                   |  1- 3 |  4- 6 |  7- 9 | 10-12 || total
-------------------------+-------+-------+-------+-------++-------
Melee: Broad axe         |     4 |     4 |    26 |    25 ||    59
  Use: Potion            |     1 |       |       |       ||     1
